 Dungeon Crawl Stone Soup version 0.30-a0-1157-g2cc9ac7196 (webtiles) character file.

Game seed: 2828896554695627875

86 qeuew the Trooper (level 4, 0/60 HPs)
             Began as a Hill Orc Fighter on Apr 24, 2023.
             Slain by a gnoll
             ... wielding a +0 halberd
              (3 damage)
             ... on level 2 of the Dungeon.
             The game lasted 00:01:52 (1798 turns).

qeuew the Trooper (Hill Orc Fighter)                Turns: 1798, Time: 00:01:55

Health: 0/60       AC:  7    Str: 20    XL:     4   Next: 49%
Magic:  4/4        EV:  9    Int:  8    God:
Gold:   139        SH:  4    Dex: 10    Spells: 3/3 levels left

rFire   . . .        a - +0 war axe
rCold   . . .        c - +0 buckler
rNeg    . . .        b - +0 scale mail
rPois   .            (no helmet)
rElec   .            (no cloak)
rCorr   .            (no gloves)
SInv    .            (no boots)
Will    .....        (no amulet) Stlth
                     (no ring)
HPRegen 0.30/turn    (no ring)
MPRegen 0.09/turn

%: no passive effects
@: berserking, very quick
A: no striking features
a: no special abilities


You were on level 2 of the Dungeon.
You visited 1 branch of the dungeon, and saw 2 of its levels.

You collected 139 gold pieces.

Inventory:

Hand Weapons
 a - a +0 war axe (weapon)
Armour
 b - a +0 scale mail (worn)
 c - a +0 buckler (worn)
Jewellery
 e - an amulet of the acrobat
 l - an amulet of faith
Scrolls
 d - a scroll of magic mapping {unknown}
 h - a scroll of identify
 j - a scroll of immolation {unknown}
 k - a scroll of enchant armour {unknown}
Potions
 f - a potion of flight
 g - a potion of lignification {unknown}


   Skills:
 + Level 4.1 Fighting
 * Level 3.9 Axes
 * Level 4.1 Armour
 + Level 0.9 Dodging
 + Level 3.6 Shields


You had 3 spell levels left.
You didn't know any spells.
Your spell library contained the following spells:

 Spells                   Type           Power      Damage    Failure   Level
 Apportation              Tloc           0%         N/A       83%         1
 Necrotise                Necr           0%         1d4       83%         1
 Summon Small Mammal      Summ           0%         N/A       83%         1


Dungeon Overview and Level Annotations

Branches:
Dungeon (2/15)

Altars:


Message History

The gnoll misses you. You block the gnoll's attack.
You barely miss the gnoll. The gnoll completely misses you.
The gnoll hits you but does no damage.
You hit the gnoll.
The gnoll is heavily wounded.
The gnoll hits you from afar with a +0 halberd!
The gnoll hits you from afar with a +0 halberd.
The gnoll closely misses you.
You are too injured to fight recklessly!
You are too injured to fight recklessly!
You are too injured to fight recklessly!
You are too injured to fight recklessly!
You are too injured to fight recklessly!
You are too injured to fight recklessly!
You are too injured to fight recklessly!
You are too injured to fight recklessly!
Unknown command.
You closely miss the gnoll.
The gnoll is heavily wounded.
The gnoll hits you with a +0 whip.
The gnoll hits you from afar with a +0 halberd.
* * * LOW HITPOINT WARNING * * *
The gnoll hits you from afar with a +0 halberd.
* * * LOW HITPOINT WARNING * * *
The gnoll barely misses you. x2
A red film seems to cover your vision as you go berserk!
You feel yourself moving faster!
You feel mighty! The gnoll barely misses you.
The gnoll hits you from afar with a +0 halberd.
* * * LOW HITPOINT WARNING * * *
The gnoll hits you but does no damage.
Unknown command.
You feel a strong urge to attack something.
You block the gnoll's attack.
You slash the gnoll!
The gnoll is almost dead.
You slash the gnoll!
You kill the gnoll!
You hit the gnoll. The gnoll closely misses you.
The gnoll hits you with a +0 halberd.
You die...

..........#.....# #.....
..........#.....# #.....
..........#.....# #.....
..........#.....###.....
..........####..........
..........# ######.....
..........####≈≈~≈#.....
......).g...##≈~≈~#.....
.......@..#..'~≈~≈'..[..
......)g..####≈~≈~######
≈≈≈≈≈≈≈...# #≈≈~≈###
#.~.....### ######.#
#.~..~..# #.## ##~.....#
#..### ##.....# ###....
##....# #...... #......


You could see 2 gnolls.

Vanquished Creatures
  5 gnolls (D:2)
  A dart slug (D:2)
  A bat (D:1)
  2 endoplasms (D:1)
  A giant cockroach (D:2)
  2 hobgoblins
  3 jackals (D:1)
  3 quokkas
  4 ball pythons
  3 frilled lizards
  4 goblins
  10 kobolds
  6 rats
45 creatures vanquished.

Notes
Turn   | Place    | Note
-------+----------+-------------------------------------------
     0 | D:1      | qeuew the Hill Orc Fighter began the quest for the Orb.
     0 | D:1      | Reached XP level 1. HP: 19/19 MP: 1/1
   126 | D:1      | Reached XP level 2. HP: 27/27 MP: 2/2
   143 | D:1      | Found a faded altar of an unknown god.
   565 | D:1      | Reached XP level 3. HP: 33/33 MP: 3/3
  1257 | D:2      | HP: 1/33 [gnoll/+0 whip (3)]
  1259 | D:2      | Reached XP level 4. HP: 2/40 MP: 4/4
  1509 | D:2      | Identified the +4 dagger of the Lonely Beasts {heavy, rElec
                  | rCorr}
  1796 | D:2      | HP: 3/60 [gnoll/+0 halberd (6)]
  1798 | D:2      | Slain by a gnoll

Illustrated notes

Levels and vault maps discovered:
D:1:      sevenhm_arrival_forest_fort_small_3, layout_basic,
          shapermc_ecumenical_altar_acropolis
D:2:      layout_basic, serial_rivers, chequers_serial_rivers_marsh,
          chequers_serial_rivers_room_b, chequers_serial_rivers_small_a,
          chequers_serial_rivers_small_3, chequers_serial_rivers_micro_e,
          chequers_serial_rivers_small_3

Skill      XL: |  1  2  3 |
---------------+----------+-----
Axes           | 3 |  3.9
Fighting       | 4 |  4.1
Armour         | 4 |  4.1
Dodging        | |  0.9
Shields        | |  3.6

Action                     |  1- 3 |  4- 6 || total
---------------------------+-------+-------++-------
  Melee: War axe           |    97 |    29 ||   126
    Use: Scroll            |     3 |       ||     3
         Potion            |     2 |     1 ||     3
 Armour: Scale mail        |    53 |    12 ||    65
  Dodge: Dodged            |    54 |    13 ||    67
  Block: Buckler           |    12 |     5 ||    17

Table legend: (Time is in decaauts)
 A = Elapsed time spent in this place.
 B = Non-inter-level travel time spent in this place.
 C = Inter-level travel time spent in this place.
 D = Time resting spent in this place.
 E = Time spent auto-exploring this place.
 F = Levels seen in this place.
 G = Mean time per level.
                   A        B        C        D        E       F      G
               +--------+--------+--------+--------+--------+-----+--------+
         Total |   1874 |   1874 |      0 |      0 |   1532 |   2 |  937.0 |
       Dungeon |   1874 |   1874 |      0 |      0 |   1532 |   2 |  937.0 |
               +--------+--------+--------+--------+--------+-----+--------+

Top non-repeatable levels by time:
     D:1: 1173 daAuts
     D:2: 700 daAuts
